River Frogs vs Ice Dragons

Created - November 29, 2019 at 21:25

Goals
1 2 3 T
River Frogs 4 2 2 8
Ice Dragons 0 1 1 2
Shots
1 2 3 T
River Frogs 9 13 17 39
Ice Dragons 11 12 6 29

1st period

1. River Frogs , Leon Draisaitl 9 (Emerson Etem 9, Anthony Bitetto 10) at 9:33
2. River Frogs , Emerson Etem 12 (Matt Calvert 14, Anthony Bitetto 11) at 11:04 (PP)
3. River Frogs , Christian Hanson 9 (Matt Calvert 15, Timothy Kunes 6) at 14:12
4. River Frogs , Ondrej Kase 5 (Timothy Kunes 7, Leon Draisaitl 9) at 17:49 (PP)

Penalties :
Jordan LaVallee (Kin) for Interference (Minor) at 10:47, Brayden McNabb (Kin) for Hooking (Minor) at 11:49, Brayden McNabb (Kin) for Boarding (Minor) at 16:49

2nd period

5. River Frogs , Emerson Etem 13 (Leon Draisaitl 10, Anthony Bitetto 12) at 8:23
6. Ice Dragons , Corban Knight 12 (Brayden McNabb 12) at 8:33
7. River Frogs , Aaron Ness 1 (Ryan Fitzgerald 1, Shane Sims 8) at 13:42

Penalties :
Timothy Kunes (Lou) for Holding (Minor) at 1:16, Anthony Bitetto (Lou) for Slashing (Minor) at 10:39, Emerson Etem (Lou) for Roughing (Minor) at 13:57

3rd period

8. River Frogs , Emerson Etem 14 (Timothy Kunes 8, Matt Calvert 16) at 3:36 (PP)
9. Ice Dragons , Dmitri Orlov 2 (Jordan LaVallee 15) at 7:23 (PP)
10. River Frogs , Austin Watson 2 (Jared Knight 3, Dillon Heatherington 1) at 9:37

Penalties :
Brandon Kozun (Kin) for Hooking (Minor) at 0:15, Corban Knight (Kin) for Tripping (Minor) at 2:54, Matt Calvert (Lou) for Hooking (Minor) at 6:10, Kevin Connauton (Kin) for High sticking (Minor) at 9:40, Jared Knight (Lou) for Hooking (Minor) at 11:54, Emerson Etem (Lou) for Holding (Minor) at 18:57

Goalie Stats

Thomas Greiss (Lou), 27 saves from 29 shots - (0.931), W, 2-4-0, 60:00 minutes
Oscar Dansk (Kin), 26 saves from 30 shots - (0.867), 42:11 minutes
Harru Sateri (Kin), 5 saves from 9 shots - (0.556), L, 8-8-1, 17:49 minutes

Players Stats for River Frogs

Player Name              G  A  P  +/- PIM S  H  SB GA TA FO     MP     PP MP  PK MP  
------------------------------------------------------------------------------------
Aaron Ness               1  0  1   0  0   2  1  0  0  0  0/0    17:55   1:35   3:51 
Anthony Bitetto          0  3  3   3  2   1  2  2  1  1  0/0    28:13   6:21   4:55 
Austin Watson            1  0  1   1  0   1  0  1  0  0  0/0    10:18   0:00   0:28 
Beau Starrett            0  0  0   0  0   0  0  0  0  0  0/0     0:00   0:00   0:00 
Borna Rendulic           0  0  0   1  0   1  1  0  0  0  0/0     9:49   0:00   0:00 
Christian Hanson         1  0  1   1  0   6  2  0  1  0  17/28  21:48   5:03   6:11 
David Kolomatis          0  0  0   0  0   0  0  0  0  1  0/0     8:17   0:00   0:00 
Dillon Heatherington     0  1  1   1  0   0  0  0  0  0  0/0     4:09   0:00   0:00 
Emerson Etem             3  1  4   2  4   6  3  1  1  0  0/0    23:59   5:03   3:42 
Francis Perron           0  0  0   0  0   0  0  0  0  0  0/0     0:00   0:00   0:00 
Jared Knight             0  1  1   1  2   2  0  0  1  0  4/9    10:47   0:00   0:59 
Joakim Nordstrom         0  0  0   1  0   1  0  2  0  0  0/0     8:51   0:00   2:19 
Justin Florek            0  0  0   0  0   0  0  0  1  0  2/2    13:04   2:53   0:00 
Leon Draisaitl           1  2  3   1  0   3  0  1  2  0  12/30  19:43   2:53   1:53 
Mario Lucia              0  0  0   0  0   0  0  0  0  0  0/0     0:00   0:00   0:00 
Matt Calvert             0  3  3   2  2   5  5  1  2  1  0/5    21:50   5:03   1:42 
Maxim Mamin              0  0  0   0  0   0  0  0  0  0  1/1     2:52   0:00   2:52 
Morgan Rielly            0  0  0   0  0   0  0  0  0  0  0/0    10:44   0:00   2:22 
Ondrej Kase              1  0  1   0  0   2  0  0  0  0  0/0    13:04   2:53   0:00 
Richard Nejezchleb       0  0  0   1  0   0  0  0  0  0  0/0     6:32   0:00   0:00 
Ryan Fitzgerald          0  1  1   1  0   1  1  1  0  0  1/4     6:49   0:00   0:16 
Shane Sims               0  1  1   0  0   3  0  0  0  0  0/0    17:55   1:35   3:51 
Shea Theodore            0  0  0   1  0   1  0  0  0  0  0/0     4:20   0:00   0:08 
Timothy Kunes            0  3  3   3  2   4  0  4  0  2  0/0    28:44   6:21   5:15 

Players Stats for Ice Dragons

Player Name              G  A  P  +/- PIM S  H  SB GA TA FO     MP     PP MP  PK MP  
------------------------------------------------------------------------------------
Adam Clendening          0  0  0  -2  0   0  0  0  0  0  0/0    12:00   0:00   2:20 
Alex Plante              0  0  0  -1  0   1  1  1  0  0  0/0     9:16   0:00   0:00 
Billy Sweat              0  0  0  -2  0   3  1  0  0  0  1/1    18:48   4:24   2:11 
Brandon Kozun            0  0  0  -1  2   4  1  0  1  0  1/2    19:07   5:38   0:00 
Brayden McNabb           0  1  1  -2  4   2  0  4  0  1  0/0    28:52   6:21   3:08 
Brian Boyle              0  0  0  -1  0   5  3  1  0  0  22/36  23:40   5:31   4:39 
Chris Wagner             0  0  0   0  0   0  1  0  0  0  1/1    11:13   0:09   0:00 
Corban Knight            1  0  1  -3  2   4  2  2  0  1  5/13   19:07   4:24   2:07 
Dmitri Orlov             1  0  1  -1  0   2  2  1  0  1  0/0    20:15   3:50   3:13 
Emil Pettersson          0  0  0   0  0   1  0  0  0  0  0/4     6:54   0:00   1:53 
Jordan LaVallee          0  1  1  -1  2   2  1  0  2  3  7/14   27:30   5:31   4:17 
Juho Lammikko            0  0  0   0  0   0  1  0  0  0  1/1     4:42   0:00   0:00 
Justin Shugg             0  0  0  -2  0   1  1  0  1  2  1/1    16:37   4:24   0:00 
Kevin Connauton          0  0  0  -2  2   0  1  3  0  0  0/0    26:59   6:21   3:33 
Robin Norell             0  0  0   0  0   0  0  0  0  0  0/0     2:44   0:00   0:25 
Sam Carrick              0  0  0   0  0   3  3  0  1  0  3/6    11:20   0:16   0:00 
Samuel Groulx            0  0  0  -1  0   0  0  4  0  1  0/0    20:15   3:50   3:13 
William Carrier          0  0  0  -1  0   1  0  0  0  0  0/0    12:39   0:16   0:45 

3 Stars

1 - Emerson Etem (Lou)
2 - Leon Draisaitl (Lou)
3 - Matt Calvert (Lou)

Power Play

River Frogs - 3 on 6 Attempt(s) - 50.00%
Ice Dragons - 1 on 6 Attempt(s) - 16.67%

Penalty Kill

River Frogs - 5 on 6 Attempt(s) - 83.33% - Score 0 goal in Penalty Kill
Ice Dragons - 3 on 6 Attempt(s) - 50.00% - Score 0 goal in Penalty Kill

Team Stat

River Frogs - Hits : 15 - Faceoff Wins : 37 - Blocked Shots : 13 - Penalty Minutes : 12
Ice Dragons - Hits : 18 - Faceoff Wins : 42 - Blocked Shots : 16 - Penalty Minutes : 12

Official

Referees : Unknown
Linesman : Unknown

Game Notes

Oscar Dansk enters game at 17:49 of 1st period
Emerson Etem has scored a Hat Trick!

Finance

Level 1 -- Attendance: 1340 (67.00%) -- Ticket Income $53,600
Level 2 -- Attendance: 689 (68.90%) -- Ticket Income $13,780
Total Attendance: 2029 (67.63%)
Total Ticket Income: $67,380
Other Income: $3,369
Total Income: $70,749

River Frogs

5 vs 5 Forward 
   Center                   Left Wing                Right Wing               Time % Phy DF OF 
 1 Leon Draisaitl           Matt Calvert             Emerson Etem             40     1   2  2  
 2 Christian Hanson         Justin Florek            Ondrej Kase              30     1   2  2  
 3 Jared Knight             Austin Watson            Borna Rendulic           20     1   2  2  
 4 Ryan Fitzgerald          Joakim Nordstrom         Richard Nejezchleb       10     1   2  2  

5 vs 5 Defense 
   Defense                  Defense                                           Time % Phy DF OF 
 1 Anthony Bitetto          Timothy Kunes                                     40     1   2  2  
 2 Shane Sims               Aaron Ness                                        30     1   2  2  
 3 David Kolomatis          Morgan Rielly                                     20     1   2  2  
 4 Shea Theodore            Dillon Heatherington                              10     1   2  2  

PowerPlay Forward 
   Center                   Left Wing                Right Wing               Time % Phy DF OF 
 1 Christian Hanson         Matt Calvert             Emerson Etem             60     1   2  2  
 2 Leon Draisaitl           Justin Florek            Ondrej Kase              40     1   2  2  

PowerPlay Defense
   Defense                  Defense                                           Time % Phy DF OF 
 1 Anthony Bitetto          Timothy Kunes                                     60     1   2  2  
 2 Shane Sims               Aaron Ness                                        40     1   2  2  

Penalty Kill 4 Players Forward 
   Center                   Wing                     Time % Phy DF OF 
 1 Christian Hanson         Emerson Etem             60     1   2  2  
 2 Leon Draisaitl           Matt Calvert             40     1   2  2  

Penalty Kill 4 Players Defense
   Defense                  Defense                  Time % Phy DF OF 
 1 Anthony Bitetto          Timothy Kunes            60     1   2  2  
 2 Shane Sims               Aaron Ness               40     1   2  2  

Penalty Kill - 3 Players Forward 
   Forward                                           Time % Phy DF OF 
 1 Christian Hanson                                  60     1   2  2  
 2 Emerson Etem                                      40     1   2  2  

Penalty Kill - 3 Players Defense
   Defense                  Defense                  Time % Phy DF OF 
 1 Anthony Bitetto          Timothy Kunes            60     1   2  2  
 2 Shane Sims               Aaron Ness               40     1   2  2  

4 vs 4 Forward 
   Center                   Wing                     Time % Phy DF OF 
 1 Christian Hanson         Emerson Etem             60     1   2  2  
 2 Leon Draisaitl           Matt Calvert             40     1   2  2  

4 vs 4 Defense
   Defense                  Defense                  Time % Phy DF OF 
 1 Anthony Bitetto          Timothy Kunes            60     1   2  2  
 2 Shane Sims               Aaron Ness               40     1   2  2  

Last Minutes Offensive
   Center                   Left Wing                Right Wing               Defense                  Defense                  
   Christian Hanson         Matt Calvert             Emerson Etem             Anthony Bitetto          Timothy Kunes            

Last Minutes Defensive
   Center                   Left Wing                Right Wing               Defense                  Defense                  
   Christian Hanson         Matt Calvert             Emerson Etem             Anthony Bitetto          Timothy Kunes            

Goaltenders
Starting : Thomas Greiss            
Backup : Phoenix Copley           

Extra Forwards
Normal : Mario Lucia, Francis Perron, Maxim Mamin - PP : Mario Lucia, Francis Perron - PK : Maxim Mamin
Extra Defensemen
Normal : David Kolomatis, Morgan Rielly, Shea Theodore - PP : David Kolomatis - PK : Morgan Rielly, Shea Theodore
Penalty Shots
Christian Hanson, Emerson Etem, Leon Draisaitl, Matt Calvert, Justin Florek

Scratches
Andrew Gordon (Healthy)

Ice Dragons

5 vs 5 Forward 
   Center                   Left Wing                Right Wing               Time % Phy DF OF 
 1 Brian Boyle              Jordan LaVallee          Brandon Kozun            40     1   2  2  
 2 Corban Knight            Billy Sweat              Justin Shugg             30     1   2  2  
 3 Sam Carrick              William Carrier          Chris Wagner             20     1   2  2  
 4 Emil Pettersson          Jordan LaVallee          Juho Lammikko            10     1   2  2  

5 vs 5 Defense 
   Defense                  Defense                                           Time % Phy DF OF 
 1 Brayden McNabb           Kevin Connauton                                   40     1   2  2  
 2 Dmitri Orlov             Samuel Groulx                                     30     1   2  2  
 3 Alex Plante              Adam Clendening                                   20     1   2  2  
 4 Robin Norell             Brayden McNabb                                    10     1   2  2  

PowerPlay Forward 
   Center                   Left Wing                Right Wing               Time % Phy DF OF 
 1 Brian Boyle              Jordan LaVallee          Brandon Kozun            60     1   2  2  
 2 Corban Knight            Billy Sweat              Justin Shugg             40     1   2  2  

PowerPlay Defense
   Defense                  Defense                                           Time % Phy DF OF 
 1 Brayden McNabb           Kevin Connauton                                   60     1   2  2  
 2 Dmitri Orlov             Samuel Groulx                                     40     1   2  2  

Penalty Kill 4 Players Forward 
   Center                   Wing                     Time % Phy DF OF 
 1 Jordan LaVallee          Brian Boyle              60     1   2  2  
 2 Corban Knight            Billy Sweat              40     1   2  2  

Penalty Kill 4 Players Defense
   Defense                  Defense                  Time % Phy DF OF 
 1 Brayden McNabb           Kevin Connauton          60     1   2  2  
 2 Dmitri Orlov             Samuel Groulx            40     1   2  2  

Penalty Kill - 3 Players Forward 
   Forward                                           Time % Phy DF OF 
 1 Jordan LaVallee                                   60     1   2  2  
 2 Brian Boyle                                       40     1   2  2  

Penalty Kill - 3 Players Defense
   Defense                  Defense                  Time % Phy DF OF 
 1 Brayden McNabb           Kevin Connauton          60     1   2  2  
 2 Dmitri Orlov             Samuel Groulx            40     1   2  2  

4 vs 4 Forward 
   Center                   Wing                     Time % Phy DF OF 
 1 Jordan LaVallee          Brian Boyle              60     1   2  2  
 2 Corban Knight            Billy Sweat              40     1   2  2  

4 vs 4 Defense
   Defense                  Defense                  Time % Phy DF OF 
 1 Brayden McNabb           Kevin Connauton          60     1   2  2  
 2 Dmitri Orlov             Samuel Groulx            40     1   2  2  

Last Minutes Offensive
   Center                   Left Wing                Right Wing               Defense                  Defense                  
   Brian Boyle              Jordan LaVallee          Brandon Kozun            Brayden McNabb           Kevin Connauton          

Last Minutes Defensive
   Center                   Left Wing                Right Wing               Defense                  Defense                  
   Brian Boyle              Jordan LaVallee          Brandon Kozun            Brayden McNabb           Kevin Connauton          

Goaltenders
Starting : Harru Sateri             
Backup : Oscar Dansk              

Extra Forwards
Normal : Sam Carrick, William Carrier, Emil Pettersson - PP : Sam Carrick, William Carrier - PK : Emil Pettersson
Extra Defensemen
Normal : Alex Plante, Adam Clendening, Robin Norell - PP : Alex Plante - PK : Adam Clendening, Robin Norell
Penalty Shots
Jordan LaVallee, Brian Boyle, Corban Knight, Billy Sweat, Brandon Kozun

Scratches
Thomas Gobeil (Healthy), Theodor Blueger (Healthy), Michael Ferland (Healthy), Alex Henriksson (Healthy), Cole Ully (Healthy)
Christian Djoos (Healthy), Logan MacMillan (Healthy)

% Time on Ice - River Frogs

Lines # - Real PCT - Wanted PCT - Time Play
Normal Forward
1 - 36% - 40% - 15:16
2 - 25% - 30% - 10:16
3 - 23% - 20% - 9:49
4 - 16% - 10% - 6:32
Normal Defense
1 - 41% - 40% - 16:58
2 - 30% - 30% - 12:29
3 - 20% - 20% - 8:17
4 - 10% - 10% - 4:09
PP Forward
1 - 64% - 60% - 5:03
2 - 36% - 40% - 2:53
PP Defense
1 - 80% - 60% - 6:21
2 - 20% - 40% - 1:35
PK Forward
1 - 82% - 60% - 8:18
2 - 18% - 40% - 1:53
PK Defense
1 - 62% - 60% - 6:20
2 - 38% - 40% - 3:51
PK3 Forward
1 - 0% - 60%
2 - 0% - 40%
PK3 Defense
1 - 0% - 60%
2 - 0% - 40%
44 Forward
1 - 0% - 60%
2 - 0% - 40%
44 Defense
1 - 0% - 60%
2 - 0% - 40%
Last Minute Offensive  - 0:00
Last Minute Defensive  - 0:00
Total
Forward - 60:00
Defense - 60:00

% Time on Ice - Ice Dragons

Lines # - Real PCT - Wanted PCT - Time Play
Normal Forward
1 - 34% - 40% - 14:07
2 - 29% - 30% - 12:13
3 - 26% - 20% - 10:51
4 - 11% - 10% - 4:42
Normal Defense
1 - 41% - 40% - 17:06
2 - 32% - 30% - 13:12
3 - 22% - 20% - 9:16
4 - 6% - 10% - 2:19
PP Forward
1 - 57% - 60% - 5:47
2 - 43% - 40% - 4:24
PP Defense
1 - 62% - 60% - 6:21
2 - 38% - 40% - 3:50
PK Forward
1 - 72% - 60% - 5:45
2 - 28% - 40% - 2:11
PK Defense
1 - 59% - 60% - 4:43
2 - 41% - 40% - 3:13
PK3 Forward
1 - 0% - 60%
2 - 0% - 40%
PK3 Defense
1 - 0% - 60%
2 - 0% - 40%
44 Forward
1 - 0% - 60%
2 - 0% - 40%
44 Defense
1 - 0% - 60%
2 - 0% - 40%
Last Minute Offensive  - 0:00
Last Minute Defensive  - 0:00
Total
Forward - 60:00
Defense - 60:00

Play-by-Play

1st period


0:01 of 1st period - Leon Draisaitl wins face-off versus Brian Boyle in neutral zone.
0:10 of 1st period - Slapshot by Emerson Etem.
0:10 of 1st period - Deflect By Leon Draisaitl.
0:10 of 1st period - Shot Misses the Net.
0:10 of 1st period - Puck is out of play.
0:11 of 1st period - Justin Florek wins face-off versus Corban Knight in Ice Dragons zone.
0:24 of 1st period - Wrist shot by Billy Sweat.
0:24 of 1st period - Stopped by Thomas Greiss with a rebound.
0:26 of 1st period - Snap shot by Corban Knight.
0:26 of 1st period - Stopped by Thomas Greiss with a rebound.
0:36 of 1st period - Aaron Ness is hit by Juho Lammikko and loses puck.
0:43 of 1st period - Wrist shot by Justin Florek.
0:43 of 1st period - Shot Misses the Net.
0:45 of 1st period - Slapshot by David Kolomatis.
0:45 of 1st period - Shot Misses the Net.
0:47 of 1st period - Wrist shot by Christian Hanson.
0:47 of 1st period - Shot Blocked by Samuel Groulx.
0:49 of 1st period - Wrist shot by Christian Hanson.
0:49 of 1st period - Stopped by Harru Sateri with a rebound.
0:56 of 1st period - Icing by Jordan LaVallee.
0:57 of 1st period - Leon Draisaitl wins face-off versus Emil Pettersson in Ice Dragons zone.
0:58 of 1st period - Wrist shot by Emerson Etem.
0:58 of 1st period - Stopped by Harru Sateri with a rebound.
1:25 of 1st period - Off-side.
1:26 of 1st period - Jared Knight wins face-off versus Sam Carrick in neutral zone.
1:56 of 1st period - Richard Nejezchleb is hit by Alex Plante and loses puck.
2:11 of 1st period - Alex Plante is hit by Emerson Etem and loses puck.
2:38 of 1st period - Snap shot by Sam Carrick.
2:38 of 1st period - Shot Blocked by Timothy Kunes.
4:12 of 1st period - Wrist shot by Brian Boyle.
4:12 of 1st period - Stopped by Thomas Greiss with a rebound.
4:48 of 1st period - Brandon Kozun is hit by Ryan Fitzgerald.
4:56 of 1st period - Slapshot by Joakim Nordstrom.
4:56 of 1st period - Stopped by Harru Sateri without a rebound.
4:57 of 1st period - Leon Draisaitl wins face-off versus Corban Knight in Ice Dragons zone.
5:23 of 1st period - Off-side.
5:24 of 1st period - Jared Knight wins face-off versus Sam Carrick in neutral zone.
5:38 of 1st period - Brayden McNabb is hit by Aaron Ness and loses puck.
5:49 of 1st period - Brian Boyle is hit by Matt Calvert and loses puck.
6:34 of 1st period - Slapshot by Jordan LaVallee.
6:34 of 1st period - Deflect By Juho Lammikko.
6:34 of 1st period - Shot Misses the Net.
6:34 of 1st period - Puck is out of play.
6:35 of 1st period - Brian Boyle wins face-off versus Ryan Fitzgerald in River Frogs zone.
6:36 of 1st period - Wrist shot by Jordan LaVallee.
6:36 of 1st period - Stopped by Thomas Greiss with a rebound.
6:38 of 1st period - Wrist shot by Brandon Kozun.
6:38 of 1st period - Shot Blocked by Joakim Nordstrom.
6:58 of 1st period - Snap shot by Sam Carrick.
6:58 of 1st period - Stopped by Thomas Greiss with a rebound.
7:10 of 1st period - Snap shot by William Carrier.
7:10 of 1st period - Stopped by Thomas Greiss without a rebound.
7:11 of 1st period - Brian Boyle wins face-off versus Leon Draisaitl in River Frogs zone.
7:20 of 1st period - Backhand shot by Jordan LaVallee.
7:20 of 1st period - Shot Misses the Net.
8:05 of 1st period - Slapshot by William Carrier.
8:05 of 1st period - Shot Misses the Net.
8:37 of 1st period - Billy Sweat is hit by Anthony Bitetto and loses puck.
8:54 of 1st period - William Carrier is hit by Christian Hanson and loses puck.
9:22 of 1st period - Icing by Borna Rendulic.
9:23 of 1st period - Jared Knight wins face-off versus Corban Knight in River Frogs zone.
9:23 of 1st period - Jared Knight is hit by Corban Knight.
9:33 of 1st period - Slapshot by Leon Draisaitl.
9:33 of 1st period - Goal by Leon Draisaitl - River Frogs : 1 - Ice Dragons : 0.
9:34 of 1st period - Leon Draisaitl wins face-off versus Brian Boyle in neutral zone.
9:36 of 1st period - Off-side.
9:37 of 1st period - Leon Draisaitl wins face-off versus Brian Boyle in neutral zone.
9:50 of 1st period - Emerson Etem is hit by Kevin Connauton and loses puck.
10:09 of 1st period - Wrist shot by Billy Sweat.
10:09 of 1st period - Shot Misses the Net.
10:47 of 1st period - Minor Penalty to Jordan LaVallee for Interference.
10:48 of 1st period - Christian Hanson wins face-off versus Emil Pettersson in Ice Dragons zone.
11:04 of 1st period - Snap shot by Emerson Etem.
11:04 of 1st period - Goal by Emerson Etem - River Frogs : 2 - Ice Dragons : 0.
11:05 of 1st period - Brian Boyle wins face-off versus Leon Draisaitl in neutral zone.
11:05 of 1st period - Brian Boyle is hit by Matt Calvert.
11:33 of 1st period - Wrist shot by Borna Rendulic.
11:33 of 1st period - Stopped by Harru Sateri with a rebound.
11:35 of 1st period - Slapshot by Shane Sims.
11:35 of 1st period - Shot Misses the Net.
11:37 of 1st period - Snap shot by Austin Watson.
11:37 of 1st period - Shot Blocked by Brayden McNabb.
11:39 of 1st period - Slapshot by Aaron Ness.
11:39 of 1st period - Shot Misses the Net.
11:49 of 1st period - Minor Penalty to Brayden McNabb for Hooking.
11:50 of 1st period - Jordan LaVallee wins face-off versus Christian Hanson in Ice Dragons zone.
13:16 of 1st period - Corban Knight is hit by Anthony Bitetto and loses puck.
13:49 of 1st period - Penalty to Brayden McNabb is over, Brayden McNabb is back on ice.
13:53 of 1st period - Kevin Connauton is hit by Matt Calvert and loses puck.
13:58 of 1st period - Snap shot by Matt Calvert.
13:58 of 1st period - Shot Misses the Net.
14:10 of 1st period - Snap shot by Christian Hanson.
14:10 of 1st period - Shot Blocked by Corban Knight.
14:12 of 1st period - Wrist shot by Christian Hanson.
14:12 of 1st period - Goal by Christian Hanson - River Frogs : 3 - Ice Dragons : 0.
14:13 of 1st period - Brian Boyle wins face-off versus Jared Knight in neutral zone.
14:43 of 1st period - Slapshot by Ryan Fitzgerald.
14:43 of 1st period - Shot Misses the Net.
15:43 of 1st period - Off-side.
15:44 of 1st period - Sam Carrick wins face-off versus Ryan Fitzgerald in neutral zone.
16:16 of 1st period - Anthony Bitetto is hit by Dmitri Orlov and loses puck.
16:27 of 1st period - Slapshot by Billy Sweat.
16:27 of 1st period - Stopped by Thomas Greiss without a rebound.
16:28 of 1st period - Corban Knight wins face-off versus Jared Knight in River Frogs zone.
16:39 of 1st period - Slapshot by Brayden McNabb.
16:39 of 1st period - Stopped by Thomas Greiss with a rebound.
16:49 of 1st period - Minor Penalty to Brayden McNabb for Boarding.
16:50 of 1st period - Jordan LaVallee wins face-off versus Matt Calvert in Ice Dragons zone.
16:50 of 1st period - Jordan LaVallee is hit by Christian Hanson.
17:26 of 1st period - Wrist shot by Corban Knight.
17:26 of 1st period - Stopped by Thomas Greiss with a rebound.
17:31 of 1st period - Icing by Leon Draisaitl.
17:32 of 1st period - Leon Draisaitl wins face-off versus Jordan LaVallee in River Frogs zone.
17:45 of 1st period - Slapshot by Leon Draisaitl.
17:45 of 1st period - Stopped by Harru Sateri with a rebound.
17:47 of 1st period - Slapshot by Timothy Kunes.
17:47 of 1st period - Shot Blocked by Samuel Groulx.
17:49 of 1st period - Snap shot by Ondrej Kase.
17:49 of 1st period - Goal by Ondrej Kase - River Frogs : 4 - Ice Dragons : 0.
17:49 of 1st period - Oscar Dansk enters game.
17:50 of 1st period - Jordan LaVallee wins face-off versus Matt Calvert in neutral zone.
18:21 of 1st period - Slapshot by Justin Florek.
18:21 of 1st period - Shot Misses the Net.
18:47 of 1st period - Snap shot by Sam Carrick.
18:47 of 1st period - Stopped by Thomas Greiss without a rebound.
18:48 of 1st period - Leon Draisaitl wins face-off versus Brian Boyle in River Frogs zone.
19:03 of 1st period - Matt Calvert is hit by Brian Boyle and loses puck.
19:22 of 1st period - Snap shot by Christian Hanson.
19:22 of 1st period - Shot Misses the Net.
19:40 of 1st period - Slapshot by Kevin Connauton.
19:40 of 1st period - Shot Misses the Net.
19:57 of 1st period - Snap shot by Brandon Kozun.
19:57 of 1st period - Stopped by Thomas Greiss with a rebound.
Goals for this period are 4 for River Frogs vs 0 for Ice Dragons.
Shots for this period are 9 for River Frogs vs 11 for Ice Dragons.

2nd period


0:01 of 2nd period - Leon Draisaitl wins face-off versus Brian Boyle in neutral zone.
0:04 of 2nd period - Wrist shot by Matt Calvert.
0:04 of 2nd period - Shot Blocked by Kevin Connauton.
0:06 of 2nd period - Snap shot by Emerson Etem.
0:06 of 2nd period - Shot Blocked by Brayden McNabb.
0:08 of 2nd period - Slapshot by Shane Sims.
0:08 of 2nd period - Shot Misses the Net.
0:10 of 2nd period - Snap shot by Matt Calvert.
0:10 of 2nd period - Shot Blocked by Brian Boyle.
0:12 of 2nd period - Slapshot by Shane Sims.
0:12 of 2nd period - Stopped by Oscar Dansk with a rebound.
0:48 of 2nd period - Snap shot by Brayden McNabb.
0:48 of 2nd period - Shot Blocked by Austin Watson.
0:53 of 2nd period - Off-side.
0:54 of 2nd period - Brian Boyle wins face-off versus Leon Draisaitl in neutral zone.
1:16 of 2nd period - Minor Penalty to Timothy Kunes for Holding.
1:17 of 2nd period - Christian Hanson wins face-off versus Brandon Kozun in River Frogs zone.
1:44 of 2nd period - Anthony Bitetto is hit by Corban Knight and loses puck.
2:05 of 2nd period - Emerson Etem is hit by Brian Boyle and loses puck.
3:16 of 2nd period - Penalty to Timothy Kunes is over, Timothy Kunes is back on ice.
3:32 of 2nd period - Icing by Shea Theodore.
3:33 of 2nd period - Juho Lammikko wins face-off versus Jared Knight in River Frogs zone.
3:38 of 2nd period - Snap shot by Emil Pettersson.
3:38 of 2nd period - Stopped by Thomas Greiss with a rebound.
3:40 of 2nd period - Slapshot by Alex Plante.
3:40 of 2nd period - Stopped by Thomas Greiss without a rebound.
3:41 of 2nd period - Billy Sweat wins face-off versus Jared Knight in River Frogs zone.
4:13 of 2nd period - Snap shot by William Carrier.
4:13 of 2nd period - Shot Blocked by Anthony Bitetto.
4:15 of 2nd period - Slapshot by Adam Clendening.
4:15 of 2nd period - Deflect By Sam Carrick.
4:15 of 2nd period - Stopped by Thomas Greiss without a rebound.
4:16 of 2nd period - Leon Draisaitl wins face-off versus Brian Boyle in River Frogs zone.
4:41 of 2nd period - Shane Sims is hit by Dmitri Orlov and loses puck.
5:23 of 2nd period - Icing by Samuel Groulx.
5:24 of 2nd period - Christian Hanson wins face-off versus Sam Carrick in Ice Dragons zone.
5:55 of 2nd period - Slapshot by Anthony Bitetto.
5:55 of 2nd period - Stopped by Oscar Dansk without a rebound.
5:56 of 2nd period - Brian Boyle wins face-off versus Ryan Fitzgerald in Ice Dragons zone.
6:09 of 2nd period - Slapshot by Timothy Kunes.
6:09 of 2nd period - Deflect By Kevin Connauton.
6:09 of 2nd period - Stopped by Oscar Dansk with a rebound.
6:11 of 2nd period - Slapshot by Timothy Kunes.
6:11 of 2nd period - Stopped by Oscar Dansk with a rebound.
6:21 of 2nd period - Snap shot by Joakim Nordstrom.
6:21 of 2nd period - Deflect By Ryan Fitzgerald.
6:21 of 2nd period - Shot Misses the Net.
6:21 of 2nd period - Puck is out of play.
6:22 of 2nd period - Christian Hanson wins face-off versus Corban Knight in Ice Dragons zone.
6:23 of 2nd period - Slapshot by Justin Florek.
6:23 of 2nd period - Shot Misses the Net.
6:25 of 2nd period - Slapshot by Shane Sims.
6:25 of 2nd period - Shot Misses the Net.
6:27 of 2nd period - Slapshot by Shane Sims.
6:27 of 2nd period - Stopped by Oscar Dansk with a rebound.
6:29 of 2nd period - Wrist shot by Christian Hanson.
6:29 of 2nd period - Shot Misses the Net.
6:31 of 2nd period - Slapshot by Shane Sims.
6:31 of 2nd period - Shot Blocked by Corban Knight.
6:33 of 2nd period - Slapshot by Shane Sims.
6:33 of 2nd period - Shot Misses the Net.
7:48 of 2nd period - Wrist shot by Corban Knight.
7:48 of 2nd period - Shot Blocked by Joakim Nordstrom.
7:50 of 2nd period - Wrist shot by Dmitri Orlov.
7:50 of 2nd period - Deflect By Billy Sweat.
7:50 of 2nd period - Stopped by Thomas Greiss with a rebound.
7:52 of 2nd period - Snap shot by Samuel Groulx.
7:52 of 2nd period - Shot Blocked by Ryan Fitzgerald.
7:54 of 2nd period - Wrist shot by Justin Shugg.
7:54 of 2nd period - Shot Misses the Net.
8:21 of 2nd period - Snap shot by Leon Draisaitl.
8:21 of 2nd period - Stopped by Oscar Dansk with a rebound.
8:23 of 2nd period - Wrist shot by Emerson Etem.
8:23 of 2nd period - Goal by Emerson Etem - River Frogs : 5 - Ice Dragons : 0.
8:24 of 2nd period - Corban Knight wins face-off versus Matt Calvert in neutral zone.
8:27 of 2nd period - Slapshot by Kevin Connauton.
8:27 of 2nd period - Shot Misses the Net.
8:29 of 2nd period - Snap shot by Justin Shugg.
8:29 of 2nd period - Stopped by Thomas Greiss without a rebound.
8:30 of 2nd period - Corban Knight wins face-off versus Leon Draisaitl in River Frogs zone.
8:31 of 2nd period - Snap shot by Brayden McNabb.
8:31 of 2nd period - Stopped by Thomas Greiss with a rebound.
8:33 of 2nd period - Snap shot by Corban Knight.
8:33 of 2nd period - Goal by Corban Knight - River Frogs : 5 - Ice Dragons : 1.
8:34 of 2nd period - Brian Boyle wins face-off versus Leon Draisaitl in neutral zone.
10:16 of 2nd period - Off-side.
10:17 of 2nd period - Sam Carrick wins face-off versus Christian Hanson in neutral zone.
10:19 of 2nd period - Off-side.
10:20 of 2nd period - Sam Carrick wins face-off versus Christian Hanson in neutral zone.
10:26 of 2nd period - Off-side.
10:27 of 2nd period - Christian Hanson wins face-off versus Brian Boyle in neutral zone.
10:39 of 2nd period - Minor Penalty to Anthony Bitetto for Slashing.
10:40 of 2nd period - Christian Hanson wins face-off versus Brian Boyle in River Frogs zone.
11:47 of 2nd period - Snap shot by Corban Knight.
11:47 of 2nd period - Deflect By Billy Sweat.
11:47 of 2nd period - Shot Misses the Net.
11:47 of 2nd period - Puck is out of play.
11:48 of 2nd period - Christian Hanson wins face-off versus Brian Boyle in River Frogs zone.
12:03 of 2nd period - Slapshot by Brian Boyle.
12:03 of 2nd period - Stopped by Thomas Greiss without a rebound.
12:04 of 2nd period - Brian Boyle wins face-off versus Leon Draisaitl in River Frogs zone.
12:07 of 2nd period - Wrist shot by Dmitri Orlov.
12:07 of 2nd period - Stopped by Thomas Greiss without a rebound.
12:08 of 2nd period - Brian Boyle wins face-off versus Christian Hanson in River Frogs zone.
12:37 of 2nd period - Slapshot by Dmitri Orlov.
12:37 of 2nd period - Deflect By Justin Shugg.
12:37 of 2nd period - Shot Misses the Net.
12:37 of 2nd period - Puck is out of play.
12:38 of 2nd period - Jordan LaVallee wins face-off versus Leon Draisaitl in River Frogs zone.
12:39 of 2nd period - Penalty to Anthony Bitetto is over, Anthony Bitetto is back on ice.
12:41 of 2nd period - Wrist shot by Jordan LaVallee.
12:41 of 2nd period - Shot Blocked by Leon Draisaitl.
12:43 of 2nd period - Snap shot by Brian Boyle.
12:43 of 2nd period - Stopped by Thomas Greiss without a rebound.
12:44 of 2nd period - Brian Boyle wins face-off versus Leon Draisaitl in River Frogs zone.
12:50 of 2nd period - Off-side.
12:51 of 2nd period - Jordan LaVallee wins face-off versus Leon Draisaitl in neutral zone.
13:02 of 2nd period - Snap shot by Jordan LaVallee.
13:02 of 2nd period - Shot Blocked by Timothy Kunes.
13:04 of 2nd period - Wrist shot by Brandon Kozun.
13:04 of 2nd period - Shot Misses the Net.
13:40 of 2nd period - Snap shot by Ryan Fitzgerald.
13:40 of 2nd period - Shot Blocked by Kevin Connauton.
13:42 of 2nd period - Wrist shot by Aaron Ness.
13:42 of 2nd period - Goal by Aaron Ness - River Frogs : 6 - Ice Dragons : 1.
13:43 of 2nd period - Brian Boyle wins face-off versus Leon Draisaitl in neutral zone.
13:57 of 2nd period - Minor Penalty to Emerson Etem for Roughing.
13:58 of 2nd period - Brian Boyle wins face-off versus Christian Hanson in River Frogs zone.
14:02 of 2nd period - Wrist shot by Brandon Kozun.
14:02 of 2nd period - Stopped by Thomas Greiss without a rebound.
14:03 of 2nd period - Brian Boyle wins face-off versus Christian Hanson in River Frogs zone.
15:57 of 2nd period - Penalty to Emerson Etem is over, Emerson Etem is back on ice.
16:08 of 2nd period - Emerson Etem is hit by Sam Carrick and loses puck.
16:33 of 2nd period - Alex Plante is hit by Borna Rendulic and loses puck.
16:46 of 2nd period - Slapshot by Joakim Nordstrom.
16:46 of 2nd period - Shot Blocked by Alex Plante.
16:48 of 2nd period - Slapshot by Ryan Fitzgerald.
16:48 of 2nd period - Stopped by Oscar Dansk without a rebound.
16:49 of 2nd period - Ryan Fitzgerald wins face-off versus Corban Knight in Ice Dragons zone.
16:54 of 2nd period - Slapshot by Timothy Kunes.
16:54 of 2nd period - Stopped by Oscar Dansk without a rebound.
16:55 of 2nd period - Justin Shugg wins face-off versus Leon Draisaitl in Ice Dragons zone.
16:55 of 2nd period - Justin Shugg is hit by Matt Calvert.
17:21 of 2nd period - Justin Florek is hit by Sam Carrick and loses puck.
17:54 of 2nd period - Snap shot by Brian Boyle.
17:54 of 2nd period - Stopped by Thomas Greiss without a rebound.
17:55 of 2nd period - Brian Boyle wins face-off versus Leon Draisaitl in River Frogs zone.
18:26 of 2nd period - Snap shot by Christian Hanson.
18:26 of 2nd period - Shot Misses the Net.
18:28 of 2nd period - Slapshot by Shane Sims.
18:28 of 2nd period - Deflect By Billy Sweat.
18:28 of 2nd period - Stopped by Oscar Dansk with a rebound.
18:30 of 2nd period - Snap shot by Christian Hanson.
18:30 of 2nd period - Stopped by Oscar Dansk with a rebound.
18:32 of 2nd period - Wrist shot by Christian Hanson.
18:32 of 2nd period - Shot Misses the Net.
18:34 of 2nd period - Snap shot by Justin Florek.
18:34 of 2nd period - Deflect By Dmitri Orlov.
18:34 of 2nd period - Shot Blocked by Samuel Groulx.
18:34 of 2nd period - Puck is out of play.
18:35 of 2nd period - Brian Boyle wins face-off versus Jared Knight in Ice Dragons zone.
19:00 of 2nd period - Billy Sweat is hit by Emerson Etem and loses puck.
19:25 of 2nd period - Wrist shot by Christian Hanson.
19:25 of 2nd period - Stopped by Oscar Dansk with a rebound.
Goals for this period are 2 for River Frogs vs 1 for Ice Dragons.
Shots for this period are 13 for River Frogs vs 12 for Ice Dragons.

3rd period


0:01 of 3rd period - Brian Boyle wins face-off versus Matt Calvert in neutral zone.
0:04 of 3rd period - Wrist shot by Brandon Kozun.
0:04 of 3rd period - Stopped by Thomas Greiss with a rebound.
0:12 of 3rd period - Slapshot by Emerson Etem.
0:12 of 3rd period - Stopped by Oscar Dansk without a rebound.
0:13 of 3rd period - Brian Boyle wins face-off versus Leon Draisaitl in Ice Dragons zone.
0:15 of 3rd period - Minor Penalty to Brandon Kozun for Hooking.
0:16 of 3rd period - Christian Hanson wins face-off versus Jordan LaVallee in Ice Dragons zone.
0:18 of 3rd period - Wrist shot by Christian Hanson.
0:18 of 3rd period - Shot Misses the Net.
0:20 of 3rd period - Slapshot by Emerson Etem.
0:20 of 3rd period - Shot Misses the Net.
0:22 of 3rd period - Slapshot by Timothy Kunes.
0:22 of 3rd period - Shot Misses the Net.
0:26 of 3rd period - Snap shot by Christian Hanson.
0:26 of 3rd period - Deflect By Matt Calvert.
0:26 of 3rd period - Shot Misses the Net.
0:26 of 3rd period - Puck is out of play.
0:27 of 3rd period - Jordan LaVallee wins face-off versus Christian Hanson in Ice Dragons zone.
0:37 of 3rd period - Icing by Timothy Kunes.
0:38 of 3rd period - Christian Hanson wins face-off versus Jordan LaVallee in River Frogs zone.
0:47 of 3rd period - Slapshot by Matt Calvert.
0:47 of 3rd period - Shot Misses the Net.
0:49 of 3rd period - Wrist shot by Timothy Kunes.
0:49 of 3rd period - Stopped by Oscar Dansk without a rebound.
0:50 of 3rd period - Jordan LaVallee wins face-off versus Christian Hanson in Ice Dragons zone.
1:01 of 3rd period - Wrist shot by Matt Calvert.
1:01 of 3rd period - Stopped by Oscar Dansk without a rebound.
1:02 of 3rd period - Christian Hanson wins face-off versus Jordan LaVallee in Ice Dragons zone.
1:43 of 3rd period - Snap shot by Matt Calvert.
1:43 of 3rd period - Deflect By Corban Knight.
1:43 of 3rd period - Shot Misses the Net.
1:43 of 3rd period - Puck is out of play.
1:44 of 3rd period - Justin Florek wins face-off versus Jordan LaVallee in Ice Dragons zone.
1:55 of 3rd period - Snap shot by Ondrej Kase.
1:55 of 3rd period - Stopped by Oscar Dansk without a rebound.
1:56 of 3rd period - Leon Draisaitl wins face-off versus Jordan LaVallee in Ice Dragons zone.
2:15 of 3rd period - Penalty to Brandon Kozun is over, Brandon Kozun is back on ice.
2:54 of 3rd period - Minor Penalty to Corban Knight for Tripping.
2:55 of 3rd period - Christian Hanson wins face-off versus Emil Pettersson in Ice Dragons zone.
3:04 of 3rd period - Wrist shot by Emerson Etem.
3:04 of 3rd period - Stopped by Oscar Dansk without a rebound.
3:05 of 3rd period - Christian Hanson wins face-off versus Emil Pettersson in Ice Dragons zone.
3:34 of 3rd period - Slapshot by Timothy Kunes.
3:34 of 3rd period - Shot Blocked by Brayden McNabb.
3:36 of 3rd period - Snap shot by Emerson Etem.
3:36 of 3rd period - Goal by Emerson Etem - River Frogs : 7 - Ice Dragons : 1.
3:37 of 3rd period - Brian Boyle wins face-off versus Leon Draisaitl in neutral zone.
4:08 of 3rd period - Wrist shot by Timothy Kunes.
4:08 of 3rd period - Shot Blocked by Brayden McNabb.
4:10 of 3rd period - Wrist shot by Justin Florek.
4:10 of 3rd period - Shot Misses the Net.
4:12 of 3rd period - Slapshot by Christian Hanson.
4:12 of 3rd period - Stopped by Oscar Dansk with a rebound.
4:14 of 3rd period - Slapshot by Anthony Bitetto.
4:14 of 3rd period - Deflect By Christian Hanson.
4:14 of 3rd period - Stopped by Oscar Dansk with a rebound.
4:58 of 3rd period - Snap shot by Aaron Ness.
4:58 of 3rd period - Deflect By Dmitri Orlov.
4:58 of 3rd period - Stopped by Oscar Dansk without a rebound.
4:59 of 3rd period - Corban Knight wins face-off versus Leon Draisaitl in Ice Dragons zone.
4:59 of 3rd period - Corban Knight is hit by Emerson Etem.
5:31 of 3rd period - Emerson Etem is hit by Chris Wagner and loses puck.
5:52 of 3rd period - Snap shot by Dmitri Orlov.
5:52 of 3rd period - Shot Blocked by Matt Calvert.
6:10 of 3rd period - Minor Penalty to Matt Calvert for Hooking.
6:11 of 3rd period - Christian Hanson wins face-off versus Brian Boyle in River Frogs zone.
6:24 of 3rd period - Slapshot by Brayden McNabb.
6:24 of 3rd period - Shot Blocked by Timothy Kunes.
6:42 of 3rd period - Slapshot by Brayden McNabb.
6:42 of 3rd period - Shot Blocked by Anthony Bitetto.
6:51 of 3rd period - Icing by Justin Shugg.
6:52 of 3rd period - Maxim Mamin wins face-off versus Corban Knight in Ice Dragons zone.
7:09 of 3rd period - Wrist shot by Jordan LaVallee.
7:09 of 3rd period - Shot Misses the Net.
7:11 of 3rd period - Slapshot by Brayden McNabb.
7:11 of 3rd period - Shot Misses the Net.
7:13 of 3rd period - Slapshot by Kevin Connauton.
7:13 of 3rd period - Deflect By Brandon Kozun.
7:13 of 3rd period - Stopped by Thomas Greiss without a rebound.
7:14 of 3rd period - Christian Hanson wins face-off versus Brian Boyle in River Frogs zone.
7:23 of 3rd period - Snap shot by Dmitri Orlov.
7:23 of 3rd period - Goal by Dmitri Orlov - River Frogs : 7 - Ice Dragons : 2.
7:24 of 3rd period - Leon Draisaitl wins face-off versus Brian Boyle in neutral zone.
7:33 of 3rd period - Slapshot by Matt Calvert.
7:33 of 3rd period - Stopped by Oscar Dansk with a rebound.
7:39 of 3rd period - Matt Calvert is hit by Brian Boyle and loses puck.
8:40 of 3rd period - Wrist shot by Joakim Nordstrom.
8:40 of 3rd period - Shot Misses the Net.
9:29 of 3rd period - Snap shot by Borna Rendulic.
9:29 of 3rd period - Shot Misses the Net.
9:35 of 3rd period - Snap shot by Jared Knight.
9:35 of 3rd period - Shot Blocked by Kevin Connauton.
9:37 of 3rd period - Snap shot by Austin Watson.
9:37 of 3rd period - Goal by Austin Watson - River Frogs : 8 - Ice Dragons : 2.
9:38 of 3rd period - Corban Knight wins face-off versus Leon Draisaitl in neutral zone.
9:40 of 3rd period - Minor Penalty to Kevin Connauton for High sticking.
9:41 of 3rd period - Christian Hanson wins face-off versus Jordan LaVallee in Ice Dragons zone.
9:55 of 3rd period - Slapshot by Emerson Etem.
9:55 of 3rd period - Shot Misses the Net.
9:57 of 3rd period - Wrist shot by Matt Calvert.
9:57 of 3rd period - Stopped by Oscar Dansk with a rebound.
11:40 of 3rd period - Penalty to Kevin Connauton is over, Kevin Connauton is back on ice.
11:54 of 3rd period - Minor Penalty to Jared Knight for Hooking.
11:55 of 3rd period - Brian Boyle wins face-off versus Christian Hanson in River Frogs zone.
11:57 of 3rd period - Snap shot by Brian Boyle.
11:57 of 3rd period - Shot Misses the Net.
11:59 of 3rd period - Slapshot by Kevin Connauton.
11:59 of 3rd period - Shot Blocked by Emerson Etem.
12:05 of 3rd period - Backhand shot by Brandon Kozun.
12:05 of 3rd period - Shot Blocked by Timothy Kunes.
12:07 of 3rd period - Snap shot by Brian Boyle.
12:07 of 3rd period - Stopped by Thomas Greiss without a rebound.
12:08 of 3rd period - Brian Boyle wins face-off versus Christian Hanson in River Frogs zone.
12:42 of 3rd period - Timothy Kunes is hit by Brandon Kozun and loses puck.
13:54 of 3rd period - Penalty to Jared Knight is over, Jared Knight is back on ice.
14:14 of 3rd period - Justin Florek is hit by Sam Carrick and loses puck.
14:57 of 3rd period - Slapshot by Emerson Etem.
14:57 of 3rd period - Shot Blocked by Samuel Groulx.
14:59 of 3rd period - Snap shot by Shea Theodore.
14:59 of 3rd period - Stopped by Oscar Dansk with a rebound.
15:01 of 3rd period - Slapshot by Matt Calvert.
15:01 of 3rd period - Stopped by Oscar Dansk without a rebound.
15:02 of 3rd period - Chris Wagner wins face-off versus Matt Calvert in Ice Dragons zone.
15:17 of 3rd period - Snap shot by Matt Calvert.
15:17 of 3rd period - Stopped by Oscar Dansk with a rebound.
16:56 of 3rd period - Slapshot by Timothy Kunes.
16:56 of 3rd period - Deflect By Christian Hanson.
16:56 of 3rd period - Shot Misses the Net.
16:56 of 3rd period - Puck is out of play.
16:57 of 3rd period - Christian Hanson wins face-off versus Corban Knight in Ice Dragons zone.
16:58 of 3rd period - Wrist shot by Justin Florek.
16:58 of 3rd period - Shot Blocked by Dmitri Orlov.
17:43 of 3rd period - Snap shot by Jordan LaVallee.
17:43 of 3rd period - Stopped by Thomas Greiss with a rebound.
17:46 of 3rd period - Icing by Dillon Heatherington.
17:47 of 3rd period - Jared Knight wins face-off versus Corban Knight in River Frogs zone.
18:04 of 3rd period - Wrist shot by Jared Knight.
18:04 of 3rd period - Stopped by Oscar Dansk with a rebound.
18:06 of 3rd period - Slapshot by Shea Theodore.
18:06 of 3rd period - Deflect By Jared Knight.
18:06 of 3rd period - Stopped by Oscar Dansk without a rebound.
18:07 of 3rd period - Leon Draisaitl wins face-off versus Brian Boyle in Ice Dragons zone.
18:33 of 3rd period - Anthony Bitetto is hit by Justin Shugg and loses puck.
18:44 of 3rd period - Snap shot by Corban Knight.
18:44 of 3rd period - Stopped by Thomas Greiss without a rebound.
18:45 of 3rd period - Brian Boyle wins face-off versus Leon Draisaitl in River Frogs zone.
18:50 of 3rd period - Wrist shot by Brian Boyle.
18:50 of 3rd period - Deflect By Jordan LaVallee.
18:50 of 3rd period - Shot Misses the Net.
18:50 of 3rd period - Puck is out of play.
18:51 of 3rd period - Brian Boyle wins face-off versus Leon Draisaitl in River Frogs zone.
18:57 of 3rd period - Minor Penalty to Emerson Etem for Holding.
18:58 of 3rd period - Christian Hanson wins face-off versus Brian Boyle in River Frogs zone.
18:58 of 3rd period - Christian Hanson is hit by Jordan LaVallee.
19:23 of 3rd period - Timothy Kunes is hit by Billy Sweat and loses puck.
19:32 of 3rd period - Snap shot by Corban Knight.
19:32 of 3rd period - Deflect By Billy Sweat.
19:32 of 3rd period - Shot Misses the Net.
19:32 of 3rd period - Puck is out of play.
19:33 of 3rd period - Brandon Kozun wins face-off versus Christian Hanson in River Frogs zone.
19:58 of 3rd period - Billy Sweat is hit by Matt Calvert and loses puck.
Goals for this period are 2 for River Frogs vs 1 for Ice Dragons.
Shots for this period are 17 for River Frogs vs 6 for Ice Dragons.